 Dungeon Crawl Stone Soup version 0.28-a0-1638-g9123634e07 (webtiles) character file.

Game seed: 1277494560449387075

2 HallandMoats the Skirmisher (level 1, 19/19 HPs)
             Began as a Ghoul Monk on Jan 25, 2022.
             Was a Believer of Fedhas.
             Safely got out of the dungeon.
             The game lasted 00:00:18 (167 turns).

HallandMoats the Skirmisher (Ghoul Monk)             Turns: 167, Time: 00:00:19

Health: 19/19      AC:  2    Str: 14    XL:     1   Next: 40%
Magic:  0/0        EV: 12    Int:  5    God:    Fedhas [**....]
Gold:   14         SH:  0    Dex: 11    Spells: 0/0 levels left

rFire   . . .      SeeInvis .   a - +0 spear
rCold   + . .      Faith    .   (no shield)
rNeg    + + +      Spirit   .   b - +0 robe
rPois   ∞          Reflect  .   (no helmet)
rElec   .          Harm     .   (no cloak)
rCorr   .          Rampage  .   (no gloves)
Will    .....                   (no boots)
Stlth   ++........              (no amulet)
HPRegen 0.06/turn               (no ring)
MPRegen 0.07/turn               (no ring)

@: no status effects
A: claws 1, cold resistance 1, negative energy resistance 3, inhibited
regeneration, torment resistance 2
a: Renounce Religion, Wall of Briars


You escaped.
You worshipped Fedhas.
Fedhas was pleased with you.
You visited 1 branch of the dungeon, and saw 1 of its levels.

You collected 14 gold pieces.

Inventory:

Hand Weapons
 a - a +0 spear (weapon)
Armour
 b - a +0 robe (worn)
Scrolls
 c - a scroll of identify {unknown}
Potions
 d - a potion of lignification {unknown}


   Skills:
 * Level 3.3 Fighting
 * Level 2.7 Polearms
 + Level 0.2 Armour
 + Level 2.7 Dodging
 - Level 2.1 Stealth
 + Level 0.0 Invocations


You couldn't memorise any spells.
You didn't know any spells.
Your spell library was empty.

Dungeon Overview and Level Annotations

Branches:
Dungeon (1/15)

Altars:
Fedhas


Innate Abilities, Weirdness & Mutations

You thrive by killing the living.
You are immune to poison.
You have sharp fingernails.
Your flesh is cold resistant. (rC+)
You are immune to negative energy. (rN+++)
You do not regenerate when monsters are visible.
You are immune to unholy pain and torment.


Message History

No target in view!
No target in view!
No target in view!
No target in view!
No target in view!
No target in view!
No target in view!
No target in view!
Things that are here:
a +0 dagger; a goblin corpse
c - a scroll labelled RYWNUY POGISU
Found a leather armour.
Found a faded altar of an unknown god.
d - a bubbling silvery potion No target in view!
No target in view!
No target in view!
No target in view!
You enter the shallow water.
Moving in this stuff is going to be slow.
There is a faded altar of an unknown god here.
You cannot tell which god this altar belongs to.
Convert to them anyway?
Fedhas accepts your prayer! Fedhas welcomes you!
You can now encircle yourself with summoned briar patches.
The plants of the dungeon cease their hostilities.
(D) Dungeon
Where to? (? - help)
What level of the Dungeon? (default 1, ? - help)
You enter the shallow water.
Moving in this stuff is going to be slow.
Things that are here:
a +0 dagger; a goblin corpse
There is a stone staircase leading down here.
There is an open door here.
There is a fountain of clear blue water here.
There is a fountain of clear blue water here.
There is a staircase leading out of the dungeon here.
Are you sure you want to leave the Dungeon?
This will make you lose the game!
You have escaped!

#.⌠.....⌠.....⌠.#.......#
#...###...###...#.##....# ##.##
##### #####.##..#.# #...
#...###...###...#.....#.#.##...
#.⌠.....⌠.....⌠.#..#....#.##...
#...###...###...#..#....#.##...
##### ##### ##.##..#....#.##...
...###...#..#..#.#.##...
.⌠.....@.#..#..#.#.##...
...###...####..#.#.##... #
#####.....#.....##>
#.###.#.#.#.### # #.......#.###
#.#.....#.... #.####..#....
#......>..... ########.....


There were no monsters in sight!

Vanquished Creatures
  A ball python (D:1)
  A goblin (D:1)
2 creatures vanquished.

Notes
Turn   | Place    | Note
-------+----------+-------------------------------------------
     0 | D:1      | HallandMoats the Ghoul Monk began the quest for the Orb.
     0 | D:1      | Reached XP level 1. HP: 19/19 MP: 0/0
    90 | D:1      | Found a faded altar of an unknown god.
    99 | D:1      | Prayed at the altar of an unknown god.
    99 | D:1      | Became a worshipper of Fedhas Madash
    99 | D:1      | Reached * piety under Fedhas
    99 | D:1      | Reached ** piety under Fedhas
   167 | D:$      | Safely got out of the dungeon.

Illustrated notes

Levels and vault maps discovered:
D:1:      minmay_arrival_nine_rooms, layout_basic,
          chequers_ecumenical_altar_island

Action                   || total
-------------------------++-------
Melee: Spear             ||     2

Table legend: (Time is in decaauts)
 A = Elapsed time spent in this place.
 B = Non-inter-level travel time spent in this place.
 C = Inter-level travel time spent in this place.
 D = Time resting spent in this place.
 E = Time spent auto-exploring this place.
 F = Levels seen in this place.
 G = Mean time per level.
                   A        B        C        D        E       F      G
               +--------+--------+--------+--------+--------+-----+--------+
         Total |    171 |    104 |     67 |      0 |     77 |   1 |  171.0 |
       Dungeon |    171 |    104 |     67 |      0 |     77 |   1 |  171.0 |
               +--------+--------+--------+--------+--------+-----+--------+

Top non-repeatable levels by time:
     D:1: 171 daAuts
